 Dungeon Crawl Stone Soup version 0.22-a0-455-ga0624bf (webtiles) character file.

33 pk666 the Firebug (level 3, -1/19 HPs)
             Began as a Deep Elf Fire Elementalist on June 5, 2018.
             Slain by Terence
             ... wielding a +0 flail
              (7 damage)
             ... on level 2 of the Dungeon.
             The game lasted 00:02:38 (1115 turns).

pk666 the Firebug (Deep Elf Fire Elementalist)      Turns: 1115, Time: 00:02:39

Health: -1/19      AC:  3    Str:  5    XL:     3   Next: 12%
Magic:  5/10       EV: 13    Int: 20    God:
Gold:   75         SH:  0    Dex: 15    Spells: 8/9 levels left

rFire    . . .     SeeInvis .   (no weapon)
rCold    . . .     Gourm    .   (no shield)
rNeg     . . .     Faith    .   a - +0 robe
rPois    .         Spirit   .   (no helmet)
rElec    .         Reflect  .   (no cloak)
rCorr    .         Harm     .   d - +0 pair of gloves
MR       .....                  (no boots)
Stlth    +++.......             (no amulet)
HPRegen  0.06/turn              g - ring of stealth
MPRegen  0.12/turn              (no ring)

@: no status effects
A: no striking features
a: no special abilities


You were on level 2 of the Dungeon.
You were not hungry.

You visited 1 branch of the dungeon, and saw 2 of its levels.

You collected 75 gold pieces.

Inventory:

Armour
 a - a +0 robe (worn)
 d - a +0 pair of gloves (worn)
Jewellery
 g - a ring of stealth (left hand)
Scrolls
 b - 3 scrolls of teleportation {unknown}
 e - a scroll of noise {unknown}
 h - 4 scrolls of identify {unknown}
 i - a scroll of fog {unknown}
 k - 2 scrolls of enchant weapon {unknown}
Potions
 j - a potion of curing {unknown}
 l - 2 potions of resistance {unknown}
Comestibles
 c - 3 rations
 f - a chunk of flesh


   Skills:
 - Level 2.4 Dodging
 - Level 2.4 Stealth
 + Level 3.5 Spellcasting
 * Level 2.5 Conjurations
 + Level 3.7 Fire Magic


You had 8 spell levels left.
You knew the following spells:

 Your Spells              Type           Power        Failure   Level  Hunger
a - Flame Tongue          Conj/Fire      ###..        3%          1    None

Your spell library contained the following spells:

 Spells                   Type           Power        Failure   Level  Hunger
 Fireball                 Conj/Fire      ###.......   71%         5    ######.
 Conjure Flame            Conj/Fire      ###.....     11%         3    ###....
 Throw Flame              Conj/Fire      ###...       5%          2    ##.....
 Sticky Flame             Conj/Fire      ###.....     36%         4    ####...
 Inner Flame              Hex/Fire       ##......     19%         3    ###....


Dungeon Overview and Level Annotations

Branches:
Dungeon (2/15)

Altars:

Annotations:
D:2 Terence


Message History

Ouch! That really hurt!
Casting: Flame Tongue (safe; 3% risk of failure)
Confirm with . or Enter, or press ? or * to list all spells.
Aiming: Flame Tongue (safe; 3% risk of failure)
Press: ? - help, Shift-Dir - straight line, f/p - Terence
Aim: Terence, wielding a flail and wearing a chain mail (lightly wounded)
The flame tongue hits Terence.
Terence is moderately wounded.
Terence hits you with a flail.
* * * LOW HITPOINT WARNING * * *
Casting: Flame Tongue (safe; 3% risk of failure)
Confirm with . or Enter, or press ? or * to list all spells.
Aiming: Flame Tongue (safe; 3% risk of failure)
Press: ? - help, Shift-Dir - straight line, f/p - Terence
Aim: Terence, wielding a flail and wearing a chain mail (moderately wounded)
The flame tongue hits Terence.
Terence appears unharmed.
Terence is moderately wounded.
A kobold comes into view. It is wielding a dagger.
Terence hits you with a flail!
You die...

.. .. # .# #.#
.. .K #.# ##.#.
#.##.#
......##.##.#
##....#...#.##..
..?...@.........
#@....# ##.#..#
#.#..########
#............
###.......##
##.####.# #..#
##.## #.# #..#


You could see Terence and a kobold.

Vanquished Creatures
  An adder (D:2)
  A worm (D:2)
  A dart slug (D:1)
  A leopard gecko (D:2)
  2 goblins
  3 hobgoblins
  A bat (D:1)
  4 frilled lizards (D:1)
  A kobold (D:1)
  6 rats (D:1)
21 creatures vanquished.

Notes
Turn   | Place    | Note
-------+----------+-------------------------------------------
     0 | D:1      | pk666 the Deep Elf Fire Elementalist began the quest for the Orb.
     0 | D:1      | Reached XP level 1. HP: 10/10 MP: 6/6
   354 | D:1      | Reached XP level 2. HP: 15/15 MP: 4/8
   918 | D:2      | Reached XP level 3. HP: 19/19 MP: 5/10
  1099 | D:2      | Noticed Terence
  1115 | D:2      | Slain by Terence

Vault maps used:
D:1:      dpeg_arrival_ratfight, nrook_mini_backslash
D:2:      grunt_temple_overflow_gold_and_silver,
          chequers_ecumenical_altar_lobes, uniq_terence

Skill      XL: |  1  2 |
---------------+-------+-----
Conjurations   | 2 |  2.5
Dodging        | |  2.4
Stealth        | |  2.4
Spellcasting   | |  3.5
Fire Magic     | |  3.7

Action                   || total
-------------------------++-------
 Cast: Flame Tongue      ||    46
Armor: Robe              ||     2
Dodge: Dodged            ||    10

Table legend:
 A = Spawn XP
 B = Non-spawn XP
 C = Spawn XP percentage of total XP
 D = Spawn monster count
 E = Non-spawn monster count
 F = Spawn count percentage of total count
 G = Total turns spent on level
                    A         B        C        D         E        F      G
               +---------+---------+-------+---------+---------+-------+---------
         Total |       0 |      48 |   0.0 |       0 |      21 |   0.0 |  1115
               +---------+---------+-------+---------+---------+-------+---------
           D:1 |       0 |      22 |   0.0 |       0 |      16 |   0.0 |   774
           D:2 |       0 |      26 |   0.0 |       0 |       5 |   0.0 |   341
               +---------+---------+-------+---------+---------+-------+---------
